 Dungeon Crawl Stone Soup version 0.18-a0-1300-g6e8322c (webtiles) character file.

81253 George the Carver (level 15, -2/139 HPs)
             Began as a Minotaur Fighter on Feb 11, 2016.
             Was the Champion of the Shining One.
             Killed from afar by a lich (44 damage)
             ... with a crystal spear
             ... on level 2 of the Abyss.
             The game lasted 00:55:42 (25452 turns).

George the Carver (Minotaur Fighter)               Turns: 25452, Time: 00:55:43

Health: -2/139     AC: 24    Str: 28    XL:     15   Next: 26%
Magic:  23/23      EV: 13    Int:  5    God:    the Shining One [******]
Gold:   2133       SH: 15    Dex: 13    Spells: 1 memorised, 12 levels left

rFire  . . .     SeeInvis .     e - +7 Screaming Sword
rCold  + . .     Gourm    +     b - +4 chain mail {rC+}
rNeg   + + +     Faith    .     D - +1 shield {AC+3}
rPois  .         Spirit   .     (helmet restricted)
rElec  .         Dismiss  .     U - +0 cloak
rCorr  .         Reflect  .     Y - +1 pair of gloves {Str+3}
SustAt .         Harm     .     (no boots)
MR     ++...                    G - amulet of the gourmand
Stlth  ..........               t - ring "Hiconor" {EV+4 Dex+3}
                                L - ring of protection from magic

@: non-regenerating, mildly diseased, glowing, very resistant to hostile
enchantments, extremely unstealthy
A: retaliatory headbutt, horns 2, clumsy 1, screaming 2, no device heal 2
a: Divine Shield, Cleansing Flame, Summon Divine Warrior, Brand Weapon With Holy
Wrath, Renounce Religion


You were on level 2 of the Abyss.
You worshipped the Shining One.
The Shining One was exalted by your worship.
You were very full.

You visited 3 branches of the dungeon, and saw 21 of its levels.
You visited the Abyss 1 time.
You also visited: Labyrinth.

You collected 2380 gold pieces.
You spent 247 gold pieces at shops.

Inventory:

Hand Weapons
 c - a +3 scimitar of electrocution
 e - the +7 Screaming Sword (weapon)
   (You found it on level 1 of the Orcish Mines)
 W - a +3 scimitar of flaming
Armour
 b - a +4 chain mail of cold resistance (worn)
 q - the +1 chain mail of Ymmacots {rPois}
   (You found it in a labyrinth)

   It protects you from poison.
 D - a +1 shield of protection (worn)
 U - a +0 cloak (worn)
 Y - a +1 pair of gloves of strength (worn)
Jewellery
 t - the ring "Hiconor" (right hand) {EV+4 Dex+3}
   (You found it on level 8 of the Lair of Beasts)

   [ring of evasion]

   It affects your evasion (+4).
   It affects your dexterity (+3).
 G - an amulet of the gourmand (around neck)
 K - an uncursed ring of fire
 L - a ring of protection from magic (left hand)
 M - an uncursed ring of ice
 P - an uncursed ring of resist corrosion
 S - an uncursed ring of poison resistance
Wands
 k - a wand of flame (11/48)
 p - a wand of digging (15/24)
 s - a wand of iceblast (13/15)
 y - a wand of lightning (4/15)
 z - a wand of hasting (4/9)
 B - a wand of disintegration (1/24)
 R - a wand of digging (13/24)
 Z - a wand of slowing (25/48)
Scrolls
 h - 6 scrolls of recharging
 i - a scroll of enchant armour
 u - 8 scrolls of teleportation
 w - 4 scrolls of enchant weapon
 x - 9 scrolls of remove curse
 C - 3 scrolls of identify
 E - 2 scrolls of brand weapon
 F - a scroll of fear
 I - 2 scrolls of blinking
 Q - 2 scrolls of fog
Potions
 d - 4 potions of might
 l - a potion of resistance
 n - 7 potions of curing
 o - 4 potions of flight
 r - 2 potions of magic
 H - 4 potions of agility
 J - 2 potions of cure mutation
 O - 2 potions of heal wounds
 V - 3 potions of berserk rage
 X - 2 potions of cancellation
Miscellaneous
 A - a phial of floods
Comestibles
 f - 12 bread rations
 g - 7 meat rations
 j - 7 beef jerkies
 v - 16 fruits
 N - 4 slices of pizza
 T - 8 royal jellies


   Skills:
 + Level 14.4 Fighting
 + Level 14.7 Long Blades
 + Level 14.7 Armour
 + Level 14.7 Shields
 + Level 12.2 Invocations


You had 12 spell levels left.
You knew the following spells:

 Your Spells              Type           Power        Failure   Level  Hunger
a - Blink                 Tloc           N/A          100%        2    ###....


Dungeon Overview and Level Annotations

Branches:
Dungeon (11/15)            Temple (0/1) D:6            Lair (8/8) D:9
 Shoals (0/4) Lair:5       Spider (0/4) Lair:5        Slime (0/6) Lair:7
    Orc (2/2) D:10            Elf (0/3) Orc:2

Altars:
Cheibriados
Fedhas
Gozag
Okawaru
Qazlal
Sif Muna
Trog
Vehumet
Xom
The Shining One
Jiyva

Shops:
D:5 [[}%   D:9 *   Orc:1 [


Innate Abilities, Weirdness & Mutations

You reflexively headbutt those who attack you in melee.
You have a pair of horns on your head.
You are clumsy. (Dex -2)
[You sometimes yell uncontrollably at your foes.]
[Potions and wands are poor at restoring your health.]


Message History

The Screaming Sword laughs in a fit of madness.
The lich is hurt by the noise.
You hear a shout!
Something shouts, "Back with thee, thou ducking saucy meatball!"
You hear a bark!
You hear a bellow!
Something shouts, "Slither away, thou cockered nut-hook vulture!"
You hear a bark! x2; You hear a bellow!
The lich gestures at you while chanting.
The iron shot hits you!
You hit the lich.
The lich is moderately damaged.
The lich touches you but does no damage.
You slice the lich!!
The lich is heavily damaged.
The Screaming Sword yells like a irate frog.
The lich is hurt by the noise.
You hear a chilling moan.
The lich casts a spell at you. The crystal spear hits you!
You die...

. ##
# .#
.## .
.....
.#...
# ..#
##L##
#@..#
##.##
##


You could see a lich.

Vanquished Creatures
  Kirke (Lair:7)
  2 orc warlords (Orc:1)
  The ghost of zkyp the Slicer, a journeyman OgAs of Dithmenos (Orc:1)
  A minotaur (Lab)
  Snorg (Lair:4)
  The ghost of Ijustatesigmund the Fighter, a journeyman DsBe of Trog (Lab)
  Harold (Lair:2)
  5 hydras
  5 death yaks
  A queen ant (D:11)
  Erica (D:8)
  A thrashing horror (Abyss:2)
  An orc high priest (Orc:1)
  3 hell hogs (Abyss:2)
  2 unseen horrors
  A giant orange brain (Abyss:2)
  4 hill giants
  2 orc knights (Orc:1)
  6 oklob plants
  An orc sorcerer (Orc:1)
  A manticore (D:11)
  4 griffons
  A worldbinder (Abyss:2)
  A siren (Lair:5)
  2 cyclopes
  Maurice (D:8)
  6 black mambas
  14 spiny frogs
  10 komodo dragons
  A demonic crawler (Lair:4)
  5 starcursed masses (Abyss:2)
  2 fire drakes
  A queen bee (D:8)
  2 spriggan druids (Lair:8)
  An ancient zyme (Abyss:2)
  3 trolls
  6 polar bears (Lair:8)
  A minotaur skeleton (Lab)
  4 blink frogs (Lair:3)
  3 merfolk (Lair:5)
  7 two-headed ogres
  11 raiju (Abyss:2)
  7 small abominations (Abyss:2)
  An air elemental (Abyss:2)
  11 spriggans (Lair:8)
  2 ynoxinuls (Abyss:2)
  A wyvern (D:10)
  3 hogs (Lair:7)
  3 redbacks
  21 yaks
  8 basilisks
  4 fire bats (Abyss:2)
  2 hungry ghosts (Lab)
  A chaos spawn (Abyss:2)
  A neqoxec (Abyss:2)
  11 large abominations (Abyss:2)
  8 hippogriffs
  20 wolves
  3 wargs (Orc:1)
  12 porcupines
  10 water moccasins
  20 soldier ants (D:11)
  12 ice beasts
  3 sky beasts
  A phantom (D:10)
  32 orc warriors
  8 black bears
  A necrophage (D:5)
  3 wasps
  16 ogres
  6 centaurs
  15 crocodiles
  18 giant frogs
  An earth elemental (Abyss:2)
  A wyvern zombie (D:6)
  6 scorpions
  28 killer bees
  3 wights (D:8)
  4 electric eels
  3 crimson imps
  3 centaur zombies
  6 quasits
  A giant frog zombie (D:10)
  2 jellies
  A centaur skeleton (D:3)
  5 hounds
  19 orc priests
  An iron imp (Abyss:2)
  2 iguanas
  28 worker ants
  25 orc wizards
  15 sheep
  2 hound zombies
  A hound skeleton (D:4)
  2 worker ant zombies
  5 gnolls
  11 adders
  49 river rats
  3 shadow imps
  An adder zombie (D:9)
  2 adder skeletons (D:4)
  4 worms
  4 giant geckos
  73 orcs
  3 giant cockroaches
  5 hobgoblins
  7 jackals
  3 quokkas
  3 ball pythons
  9 bats
  A giant gecko skeleton (D:5)
  2 giant gecko zombies
  5 giant newts
  10 goblins
  6 kobolds
  11 rats
  6 fungi (Lair:1)
  5 plants
  A starspawn tentacle (Abyss:2)
780 creatures vanquished.

Vanquished Creatures (collateral kills)
  2 orc warriors (Orc:1)
  2 orc priests (Orc:1)
4 creatures vanquished.

Vanquished Creatures (others)
  A spiny frog (Lair:7)
  A human (Lair:7)
  16 fungi
  2 plants
  3 starspawn tentacles (Abyss:2)
  34 starspawn tentacle segments (Abyss:2)
57 creatures vanquished.

Grand Total: 841 creatures vanquished

Notes
Turn   | Place    | Note
--------------------------------------------------------------
     0 | D:1      | George the Minotaur Fighter began the quest for the Orb.
     0 | D:1      | Reached XP level 1. HP: 19/19 MP: 0/0
   578 | D:1      | Reached XP level 2. HP: 26/26 MP: 1/1
   901 | D:2      | Reached skill level 4 in Long Blades
   901 | D:2      | Reached XP level 3. HP: 9/31 MP: 2/2
  1278 | D:2      | Found an opulent altar of Gozag.
  1323 | D:2      | Found a glowing golden altar of the Shining One.
  1329 | D:2      | Became a worshipper of the Shining One
  1847 | D:2      | Reached XP level 4. HP: 40/40 MP: 3/3
  1988 | D:2      | Reached skill level 1 in Invocations
  2427 | D:3      | Reached XP level 5. HP: 41/46 MP: 4/4
  2439 | D:3      | Reached skill level 5 in Long Blades
  2965 | D:4      | Reached * piety under the Shining One
  3101 | D:4      | Found a stormy altar of Qazlal.
  3283 | D:4      | Reached XP level 6. HP: 29/53 MP: 6/6
  3869 | D:4      | Found a deep blue altar of Sif Muna.
  3916 | D:4      | Found a blossoming altar of Fedhas.
  4063 | D:5      | Entered Level 5 of the Dungeon
  4097 | D:5      | Found Cetsoff's Gadget Shop.
  4145 | D:5      | Reached skill level 5 in Armour
  4145 | D:5      | Reached skill level 5 in Shields
  4231 | D:5      | Reached skill level 5 in Fighting
  4231 | D:5      | Reached XP level 7. HP: 58/60 MP: 6/8
  4286 | D:5      | Found Pufeihad's Armour Emporium.
  4349 | D:5      | Found Dazxew's Antique Armour Shoppe.
  4367 | D:5      | Bought a pair of brightly glowing boots for 247 gold pieces
  4372 | D:5      | Identified the +2 pair of boots "Veorgh" {+Fly rPois Str-2 Int-5} (You bought it in a shop on level 5 of the Dungeon)
  4372 | D:5      | Lost intelligence.
  4486 | D:5      | Found Weommyge's Food Shop.
  4519 | D:6      | Found a snail-covered altar of Cheibriados.
  4539 | D:6      | Reached ** piety under the Shining One
  4654 | D:6      | Reached skill level 6 in Long Blades
  4774 | D:6      | Reached XP level 8. HP: 49/69 MP: 9/9
  4925 | D:6      | Found a staircase to the Ecumenical Temple.
  4962 | D:6      | Found an opulent altar of Gozag.
  5824 | D:7      | Reached skill level 7 in Long Blades
  6203 | D:7      | Found an iron altar of Okawaru.
  6230 | D:7      | Found a bloodstained altar of Trog.
  6350 | D:7      | Found a shimmering altar of Xom.
  6693 | D:7      | Reached skill level 5 in Invocations
  6693 | D:7      | Reached XP level 9. HP: 77/77 MP: 11/11
  6956 | D:8      | Noticed Erica
  6964 | D:8      | Killed Erica
  6964 | D:8      | Reached skill level 8 in Long Blades
  7011 | D:8      | Got a translucent bronze ring
  7012 | D:8      | Identified the ring of the Pure Nights {*Drain +Blink +Inv +Fly Str+4} (You found it on level 8 of the Dungeon)
  7149 | D:8      | Found a stormy altar of Qazlal.
  7156 | D:8      | Noticed Maurice
  7163 | D:8      | Killed Maurice
  7247 | D:8      | Reached XP level 10. HP: 75/87 MP: 13/13
  7259 | D:8      | Reached *** piety under the Shining One
  7264 | D:8      | Reached skill level 9 in Long Blades
  7688 | D:8      | Identified a scroll of acquirement
  8192 | D:9      | Found a staircase to the Lair.
  8569 | D:9      | Found Wasick's Assorted Antiques.
  8701 | D:9      | Reached skill level 10 in Long Blades
  8951 | D:9      | Reached **** piety under the Shining One
  9321 | D:10     | Entered Level 10 of the Dungeon
  9581 | D:10     | Noticed a hill giant
  9585 | D:10     | Noticed a hill giant
  9585 | D:10     | Noticed a hill giant
  9587 | D:10     | Killed a hill giant
  9587 | D:10     | Reached XP level 11. HP: 83/96 MP: 15/15
  9595 | D:10     | Killed a hill giant
  9601 | D:10     | Killed a hill giant
  9605 | D:10     | Reached skill level 10 in Armour
  9766 | D:10     | Identified Kazxuor's Guide on Curses
  9831 | D:10     | Reached skill level 10 in Shields
 10066 | D:10     | Found a staircase to the Orcish Mines.
 10162 | D:10     | Noticed an unseen horror
 10176 | D:10     | Killed an unseen horror
 10176 | D:10     | Reached skill level 10 in Fighting
 10488 | D:11     | Noticed a queen ant
 10517 | D:11     | Killed a queen ant
 10523 | D:11     | Reached skill level 11 in Long Blades
 10851 | D:11     | Reached ***** piety under the Shining One
 11389 | D:11     | Reached XP level 12. HP: 92/107 MP: 17/17
 11684 | Lair:1   | Entered Level 1 of the Lair of Beasts
 11716 | Lair:1   | Found a labyrinth entrance.
 11746 | Lab      | Entered a labyrinth
 12557 | Lab      | Noticed Ijustatesigmund's ghost (journeyman DsBe)
 12570 | Lab      | Killed Ijustatesigmund's ghost
 12622 | Lab      | Noticed a minotaur
 12633 | Lab      | Killed a minotaur
 12662 | Lab      | Got a pitted chain mail
 12705 | Lair:1   | Identified the +1 chain mail of Ymmacots {rPois} (You found it in a labyrinth)
 12883 | Lair:1   | Found a blossoming altar of Fedhas.
 13795 | Lair:2   | Reached skill level 12 in Armour
 13870 | Lair:2   | Noticed Harold
 13894 | Lair:2   | Killed Harold
 14197 | Lair:2   | Learned a level 2 spell: Blink
 14246 | Lair:2   | Reached skill level 10 in Invocations
 15426 | Lair:3   | Found a frozen archway.
 15430 | Lair:3   | Reached XP level 13. HP: 117/117 MP: 19/19
 16536 | Lair:3   | Identified the Incunabulum of Ghastly Confrontation
 17334 | Lair:4   | Noticed Snorg
 17352 | Lair:4   | Killed Snorg
 18398 | Lair:5   | Reached skill level 13 in Long Blades
 18445 | Lair:5   | Found a hole to the Spider Nest.
 18661 | Lair:5   | Found a staircase to the Shoals.
 19829 | Lair:6   | Reached XP level 14. HP: 119/128 MP: 21/21
 20174 | Lair:7   | Noticed Kirke
 20182 | Lair:7   | Killed Kirke
 20456 | Lair:7   | Found a viscous altar of Jiyva.
 20457 | Lair:7   | Found a staircase to the Slime Pits.
 20763 | Lair:8   | Entered Level 8 of the Lair of Beasts
 21670 | Lair:8   | Got a slimy steel ring
 21675 | Lair:8   | Identified the ring "Hiconor" {EV+4 Dex+3} (You found it on level 8 of the Lair of Beasts)
 21719 | Lair:8   | Reached ****** piety under the Shining One
 22519 | Lair:3   | Reached skill level 14 in Long Blades
 22613 | Orc:1    | Entered Level 1 of the Orcish Mines
 22613 | Orc:1    | Noticed zkyp's ghost (journeyman OgAs)
 22625 | Orc:1    | Killed zkyp's ghost
 22887 | Orc:2    | Entered Level 2 of the Orcish Mines
 22924 | Orc:2    | Found a staircase to the Elven Halls.
 23182 | Orc:1    | Found Resiffai's Antique Armour Emporium.
 23185 | Orc:1    | Found a radiant altar of Vehumet.
 23475 | Orc:1    | Noticed an orc warlord
 23513 | Orc:1    | Killed an orc warlord
 23561 | Orc:1    | Noticed an orc warlord
 23604 | Orc:1    | Killed an orc warlord
 24320 | Orc:2    | Cast into level 2 of the Abyss (an ogre mage)
 24320 | Abyss:2  | Found a corrupted altar of Lugonu.
 24446 | Abyss:2  | Reached XP level 15. HP: 124/138 MP: 23/23
 24579 | Abyss:2  | Noticed a tentacled starspawn
 24580 | Abyss:2  | HP: 4/138 [tentacled starspawn (21)]
 24590 | Abyss:2  | Found a corrupted altar of Lugonu.
 24826 | Abyss:2  | Noticed a tentacled starspawn
 24829 | Abyss:2  | Found a corrupted altar of Lugonu.
 25069 | Abyss:2  | Gained mutation: You are clumsy. (Dex -2) [a neqoxec]
 25138 | Abyss:2  | Noticed a tentacled starspawn
 25150 | Abyss:2  | Noticed a bone dragon
 25449 | Abyss:2  | Noticed a lich
 25452 | Abyss:2  | Killed from afar by a lich

Vault maps used:
D:1:      eino_arrival_cavern_b
D:2:      wad_woods_tower, lemuel_round_altar, grunt_gozag_statues
D:4:      lemuel_blue_sif_altar, lemuel_round_altar,
          nicolae_qazlal_eye_of_the_storm
D:5:      serial_shops, nicolae_shop_stone,
          nicolae_shop_temple_entry_statues_fountains, shop, shop_statue,
          first_bread
D:6:      kennysheep_six_static_rooms, nicolae_overflow_crystal_walls,
          cheibriados_altar_1, minmay_temple_entry_from_below_b
D:7:      kennysheep_mini, lightli_temple_of_fire, basic_altar
D:8:      overflow_temple_1_default, david_nohive_1, uniq_erica, uniq_maurice
D:9:      due_lair_maze_entry_diamond, serial_shops, kennysheep_little_box
D:10:     orc_0_dummy, hangedman_decor_riveting
D:11:     minivault_29
Lair:1:   lab_entry_generic, tgw_fedhas, bh_autumn_forest_stairs
Lair:2:   serial_bayou_lagoon_b, uniq_harold
Lair:3:   dpeg_oklob_gauntlet, portal_ice_cave_entry_ice_beasts
Lair:4:   grunt_megastairs_2, infiniplex_staircase_pool, uniq_snorg
Lair:5:   elwin_shoals_entry_stream, nicolae_spider_entry_non_spiders,
          serial_forest, infiniplex_forest_lined_ring,
          infiniplex_forest_clump_medium, infiniplex_forest_side_room,
          infiniplex_forest_straight_3, infiniplex_forest_straight_4,
          infiniplex_forest_corner_1
Lair:6:   nicolae_quartered_pool_medium
Lair:7:   dpeg_slime_entry_enclosed_altar, lemuel_fruit_tree, uniq_kirke
Lair:8:   minmay_lair_end_enchanted_forest, minivault_11, st_stairs_4
Orc:1:    basic_altar, serial_shops, nicolae_shop_overgrown_old_shop,
          minmay_orc_treasury
Orc:2:    st_orc_elflike, serial_shops, nicolae_shop_overgrown_old_shop
Lab:      labyrinth_green, nicolae_lab_big_swirl, nicolae_lab_diamond,
          lab_statue

Action                   |  1- 3 |  4- 6 |  7- 9 | 10-12 | 13-15 || total
-------------------------+-------+-------+-------+-------+-------++-------
Melee: Long sword        |   117 |   152 |   178 |       |       ||   447
       Scimitar          |       |       |    51 |   717 |   801 ||  1569
       Double sword      |       |       |       |       |   189 ||   189
Invok: Divine Shield     |       |       |       |     1 |     2 ||     3
       Summon Divine War |       |       |       |       |     1 ||     1
Evoke: Wand              |       |       |       |       |    15 ||    15
  Use: Scroll            |       |       |       |    28 |     9 ||    37
       Potion            |       |       |       |       |     2 ||     2
  Eat: Chunk             |     3 |     8 |    10 |    28 |    37 ||    86
       Royal jelly       |       |       |       |     1 |       ||     1
